 Dungeon Crawl Stone Soup version 0.29.1-12-g30fa7ad0bf (webtiles) character file.

Game seed: 12378917407072004551

197 LustLizard the Chopper (level 5, -3/41 (47) HPs)
             Began as a Minotaur Monk on Jan 6, 2023.
             Killed from afar by an orc wizard (11 damage)
             ... with a magic dart
             ... on level 3 of the Dungeon.
             The game lasted 00:07:33 (3723 turns).

LustLizard the Chopper (Minotaur Monk)              Turns: 3723, Time: 00:07:33

HP:   -3/41 (47)    AC:  2    Str: 18    XL:     5   Next: 46%
MP:   4/4           EV: 12    Int:  7    God:
Gold: 158           SH:  0    Dex: 12    Spells: 4/4 levels left

rFire   . . .      SeeInvis .   a - +0 hand axe
rCold   . . .      Faith    .   (no shield)
rNeg    . . .      Spirit   .   b - +0 robe
rPois   .          Reflect  .   (helmet restricted)
rElec   .          Harm     .   (no cloak)
rCorr   .          Rampage  .   (no gloves)
Will    .....                   (no boots)
Stlth   +.........              o - amulet of magic regeneration
HPRegen 0.13/turn               (no ring)
MPRegen 0.49/turn               (no ring)

@: confused, heavily drained
A: horns 2, retaliatory headbutt
a: no special abilities


You were on level 3 of the Dungeon.
You visited 1 branch of the dungeon, and saw 4 of its levels.

You collected 158 gold pieces.

Inventory:

Hand Weapons
 a - a +0 hand axe (weapon)
 w - a +0 war axe
Missiles
 i - 19 stones (quivered)
 m - 2 throwing nets
 q - 4 poisoned darts
Armour
 b - a +0 robe (worn)
Jewellery
 l - a ring of wizardry
 o - an amulet of magic regeneration (around neck)
Wands
 z - a wand of flame (13)
Scrolls
 e - a scroll of brand weapon {unknown}
 h - 3 scrolls of identify
 j - 4 scrolls of teleportation {unknown}
 k - 2 scrolls of butterflies
 r - 3 scrolls of noise {unknown}
 s - a scroll of immolation {unknown}
 t - a scroll of enchant weapon {unknown}
 u - a scroll of silence {unknown}
 v - a scroll of fear {unknown}
 y - a scroll of blinking {unknown}
Potions
 c - a potion of degeneration {unknown}
 d - a potion of lignification {unknown}
 f - 2 potions of flight
 g - a potion of curing {unknown}
 n - a potion of might {unknown}
 p - a potion of berserk rage {unknown}
 x - a potion of mutation {unknown}


   Skills:
 + Level 4.9 Fighting
 * Level 6.0 Axes
 + Level 2.1 Throwing
 - Level 3.2 Dodging
 - Level 1.5 Stealth


You had 4 spell levels left.
You didn't know any spells.
Your spell library contained the following spells:

 Spells                   Type           Power      Damage    Failure   Level
 Magic Dart               Conj           0%         1d3       43%         1
 Summon Small Mammal      Summ           0%         N/A       43%         1
 Call Imp                 Summ           0%         N/A       56%         2
 Ensorcelled Hibernation  Hex/Ice        0%         N/A       56%         2
 Call Canine Familiar     Summ           0%         N/A       80%         3
 Mephitic Cloud           Conj/Pois/Air  0%         N/A       80%         3
 Spider Form              Tmut/Pois      0%         N/A       80%         3
 Summon Guardian Golem    Hex/Summ       0%         N/A       80%         3
 Anguish                  Hex/Necr       0%         N/A       99%         4


Dungeon Overview and Level Annotations

Branches:
Dungeon (4/15)
 Temple: D:4-7

Altars:
Ashenzari
Gozag
Qazlal
Sif Muna
Vehumet
Xom

Shops:
D:1 =


Innate Abilities, Weirdness & Mutations

You have a pair of horns on your head.
You reflexively headbutt those who attack you in melee.


Message History

The orc wizard is lightly wounded.
You barely miss the orc. You hit something but do no damage.
You miss something. Something hits you.
You feel drained. The orc hits you with a +0 dagger.
The orc wizard closely misses you.
You hear some strange, mumbled words.
Something tries to affect you, but you resist.
You barely miss the orc.
The orc is heavily wounded.
You hit something. You barely miss something. You barely miss the orc wizard.
You hear some strange, mumbled words.
Something tries to affect you, but you resist.
The orc closely misses you.
You hear some strange, mumbled words.
A puff of flame appears from out of thin air!
The puff of flame hits you.
The orc wizard hits you but does no damage.
You barely miss the orc wizard.
The orc wizard is lightly wounded.
You barely miss something. You hit the orc. You hit something.
You hear some strange, mumbled words.
You are confused.
The orc hits you with a +0 dagger.
* * * LOW HITPOINT WARNING * * *
The orc wizard hits you with a +0 dagger.
* * * LOW HITPOINT WARNING * * *
Something hits you.
* * * LOW HITPOINT WARNING * * *
The orc wizard hits you but does no damage.
You hit the orc but do no damage. Your headbutt misses the orc.
The orc is severely wounded.
You barely miss the orc wizard. You completely miss something.
Something completely misses you.
The orc wizard gestures wildly while chanting.
The orc wizard flickers and vanishes!
You hit something. Your headbutt misses something. You closely miss the orc.
You closely miss something. You miss something.
You hear some strange, mumbled words.
A magic dart appears from out of thin air!
The magic dart hits you!
You die...

###.######## ...........#
######## ...........#
####......### ...........#
#.......#...# ...........#
######.#.......#.# ..........##
#...##..._..._.#.#
..........####.#.#............#
..........##.#.#{#.#....⌠.....#
.....)....#P.#.{@............##
..........#..#..o....._..._.##
..........#..#..............#
..........#P.#............###
..#########..#..########### ..#
##.#..# ..# ###..# ..# #..# ..#
#..#


You could see an orc.

Vanquished Creatures
  A scorpion (D:3)
  Robin (D:2)
  2 adders
  A worm (D:3)
  2 dart slugs (D:2)
  4 orcs (D:4)
  7 ball pythons
  8 endoplasms
  A giant cockroach (D:2)
  14 goblins
  15 hobgoblins
  3 jackals (D:1)
  3 quokkas
  6 bats
  4 frilled lizards
  9 kobolds
  5 rats
86 creatures vanquished.

Notes
Turn   | Place    | Note
-------+----------+-------------------------------------------
     0 | D:1      | LustLizard the Minotaur Monk began the quest for the Orb.
     0 | D:1      | Reached XP level 1. HP: 19/19 MP: 0/0
   180 | D:1      | Reached skill level 4 in Axes
   242 | D:1      | Reached XP level 2. HP: 27/27 MP: 1/1
   391 | D:1      | Found Fojaipeu's Jewellery Shoppe.
  1038 | D:2      | Found a faded altar of an unknown god.
  1121 | D:2      | Reached XP level 3. HP: 24/33 MP: 2/2
  1464 | D:2      | Reached skill level 1 in Throwing
  1665 | D:2      | Reached skill level 5 in Axes
  1945 | D:2      | Noticed Robin
  1983 | D:2      | Killed Robin
  1984 | D:2      | Reached XP level 4. HP: 3/41 MP: 3/3
  2738 | D:3      | Noticed a scorpion
  3230 | D:3      | Found a shimmering blue altar of Sif Muna.
  3601 | D:3      | Found a radiant altar of Vehumet.
  3645 | D:3      | Killed a scorpion
  3646 | D:3      | Reached skill level 6 in Axes
  3646 | D:3      | Reached XP level 5. HP: 47/47 MP: 4/4
  3676 | D:3      | Found a broken altar of Ashenzari.
  3676 | D:3      | Found a shimmering altar of Xom.
  3680 | D:3      | Found an opulent altar of Gozag.
  3680 | D:3      | Found a stormy altar of Qazlal.
  3723 | D:3      | Killed from afar by an orc wizard

Illustrated notes

Levels and vault maps discovered:
D:1:      saegor_arrival_simple_a, layout_loops_cross, serial_shops, shop
D:2:      layout_rooms, shapermc_ecumenical_altar_pompeii, minmay_3d_cube,
          uniq_robin
D:3:      layout_basic, lemuel_coloured_pillars_altar,
          grunt_temple_overflow_open, vehumet_altar_wand_db, serial_aquarium,
          aquarium_bridge_square [aquarium_subvault_wall,
          aquarium_subvault_bridge, aquarium_subvault_bridge,
          aquarium_subvault_bridge], aquarium_window_2, aquarium_window_fake,
          aquarium_window_1, aquarium_window_3, aquarium_view_2b,
          aquarium_balcony_3a, aquarium_pool_2, minmay_joined_circles
D:4:      layout_cave_pools, kennysheep_mini, minmay_increasing_density,
          uniq_blork_the_orc

Skill      XL: |  1  2  3  4 |
---------------+-------------+-----
Axes           | 4 5 6 |  6.0
Fighting       | 4 |  4.9
Throwing       | 1 2 |  2.1
Dodging        | |  3.2
Stealth        | |  1.5

Action                   |  1- 3 |  4- 6 || total
-------------------------+-------+-------++-------
Melee: Hand axe          |   114 |    73 ||   187
       Headbutt          |    20 |     8 ||    28
       Punch             |       |     1 ||     1
Throw: Dart              |       |     3 ||     3
  Use: Scroll            |       |     2 ||     2
       Potion            |       |     1 ||     1
 Stab: Sleeping          |     1 |       ||     1
Armor: Robe              |    20 |     4 ||    24
Dodge: Dodged            |    63 |    47 ||   110
